 Dungeon Crawl Stone Soup version 0.16-a0-3636-gf0307c9 (webtiles) character file.

266 Ololoev the Firebug (level 6, -1/36 HPs)
             Began as an Octopode Fire Elementalist on Jan 15, 2015.
             Slain by a gnoll
             ... wielding a +0 flail of protection
              (12 damage)
             ... on level 2 of the Dungeon.
             The game lasted 00:11:31 (3289 turns).

Ololoev the Firebug (Octopode Fire Elementalist)    Turns: 3289, Time: 00:11:31

Health: -1/36      AC:  1    Str:  7    XL:     6   Next: 20%
Magic:  9/13       EV: 12    Int: 20    God:
Gold:   220        SH:  0    Dex: 12    Spells: 2 memorised, 7 levels left

rFire  . . .     SeeInvis .     n - +0 dagger (flame)
rCold  . . .     Clarity  .     (no shield)
rNeg   . . .     SustAb   .     (helmet restricted)
rPois  .         Gourm    .     (no amulet)
rElec  .         Spirit   .     (no ring)
rCorr  .         Warding  .     (no ring)
rMut   .         Stasis   .     (no ring)
MR     .....                    (no ring)
Stlth  +++.......               (no ring)
                                (no ring)
                                (no ring)
                                (no ring)

@: not resistant to hostile enchantments, fairly stealthy
A: almost no armour, amphibious, 8 rings, constrict 8, camouflage 1, gelatinous
body 1
a: no special abilities


You were on level 2 of the Dungeon.
You were not hungry.

You visited 1 branch of the dungeon, and saw 3 of its levels.

You collected 220 gold pieces.

Notes
Turn   | Place    | Note
--------------------------------------------------------------
     0 | D:1      | Ololoev, the Octopode Fire Elementalist, began the quest for the Orb.
     0 | D:1      | Reached XP level 1. HP: 11/11 MP: 3/3
   252 | D:1      | Reached XP level 2. HP: 12/17 MP: 0/4
   961 | D:1      | Reached XP level 3. HP: 12/21 MP: 3/6
   966 | D:1      | Learned a level 3 spell: Conjure Flame
  1510 | D:2      | Reached skill level 4 in Fire Magic
  1510 | D:2      | Reached XP level 4. HP: 14/27 MP: 4/8
  2110 | D:2      | Found a shattered altar of Ashenzari.
  2399 | D:2      | Reached XP level 5. HP: 31/31 MP: 6/9
  2873 | D:3      | Reached skill level 5 in Fire Magic
  2936 | D:3      | Reached XP level 6. HP: 20/36 MP: 4/13
  3289 | D:2      | Slain by a gnoll

Inventory:

Hand weapons
 n - a +0 dagger of flaming (weapon)
Scrolls
 d - 3 scrolls of immolation {unknown}
 g - 2 scrolls of fog {unknown}
 j - a scroll of fear {unknown}
 k - 2 scrolls of enchant weapon {unknown}
 p - a scroll of noise {unknown}
 s - a scroll of blinking {unknown}
Potions
 a - a potion of resistance {unknown}
 e - a potion of might {unknown}
 f - a potion of mutation {unknown}
 i - a potion of heal wounds {unknown}
 l - a potion of degeneration {unknown}
 m - 2 potions of curing {unknown}
 q - a potion of poison {unknown}
 r - a potion of restore abilities {unknown}
Books
 b - a book of Flames

   Spells                             Type                      Level
   a - Flame Tongue                   Conjuration/Fire             1
   b - Throw Flame                    Conjuration/Fire             2
   c - Conjure Flame                  Conjuration/Fire             3
   d - Inner Flame                    Hexes/Fire                   3
   e - Sticky Flame                   Conjuration/Fire             4
   f - Fireball                       Conjuration/Fire             5
Comestibles
 c - a bread ration
 h - 2 meat rations
 o - a chunk of flesh

Table legend:
 A = Turns spent in this place as a percentage of turns spent in the entire game.
 B = Non-inter-level travel turns spent in this place as a percentage of non-inter-level travel turns spent in the entire game.
 C = Inter-level travel turns spent in this place as a percentage of turns spent in this place.
 D = Turns resting spent in this place as a percentage of non-inter-level travel turns spent in this place.
 E = Turns spent auto-exploring this place as a percentage of non-inter-level travel turns spent in this place.
 F = Non-inter-level travel turns spent in this place divided by the number of levels of this place that you've seen.
                   A       B       C       D       E      F
               +-------+-------+-------+-------+-------+----------------------
         Total | 100.0 | 100.0 |   0.2 |  10.0 |  10.1 | 297.0
       Dungeon | 100.0 | 100.0 |   0.2 |  10.0 |  10.1 | 297.0
               +-------+-------+-------+-------+-------+----------------------


   Skills:
 - Level 2.0 Dodging
 - Level 2.6 Stealth
 + Level 3.2 Spellcasting
 + Level 3.0 Conjurations
 * Level 5.3 Fire Magic


You had 7 spell levels left.
You knew the following spells:

 Your Spells              Type           Power        Failure   Level  Hunger
a - Flame Tongue          Conj/Fire      ###..        2%          1    None
b - Conjure Flame         Conj/Fire      ###.....     10%         3    ###....


Dungeon Overview and Level Annotations

Branches:
Dungeon (3/15)

Altars:
Ashenzari


Innate Abilities, Weirdness & Mutations

You cannot wear most types of armour.
You are amphibious.
You can wear up to eight rings at the same time.
You can use your tentacles to constrict many enemies at once.
Your skin changes colour to match your surroundings (Stealth).
Your rubbery body absorbs attacks (AC +1).


Message History

The jackal bites you. The jackal bites you. The jackal bites you.
Found 20 stones.
The jackal barely misses you.
There is an escape hatch in the ceiling here.
The jackal barely misses you. x2
The gnoll closely misses you. A mysterious force pulls you upwards.
The hatch slams shut behind you.
Casting: Flame Tongue
Confirm with . or Enter, or press ? or * to list all spells.
Aiming: Flame Tongue
Press: ? - help, Shift-Dir - straight line, f - gnoll
Aim: a gnoll, wielding a flail of protection The flame tongue hits the gnoll.
The gnoll appears unharmed.
Casting: Flame Tongue
Confirm with . or Enter, or press ? or * to list all spells.
Aiming: Flame Tongue
Press: ? - help, Shift-Dir - straight line, f/p - gnoll
Aim: a gnoll, wielding a flail of protection The flame tongue hits the gnoll.
The gnoll is moderately wounded.
The gnoll hits you with a flail of protection!
Casting: Flame Tongue
Confirm with . or Enter, or press ? or * to list all spells.
Aiming: Flame Tongue
Press: ? - help, Shift-Dir - straight line, f/p - gnoll
Aim: a gnoll, wielding a flail of protection (moderately wounded)
The flame tongue hits the gnoll.
The gnoll is severely wounded.
The gnoll hits you with a flail of protection.
Casting: Flame Tongue
Confirm with . or Enter, or press ? or * to list all spells.
Aiming: Flame Tongue
Press: ? - help, Shift-Dir - straight line, f/p - gnoll
Aim: a gnoll, wielding a flail of protection (severely wounded)
The flame tongue hits the gnoll.
The gnoll appears unharmed.
The gnoll is severely wounded.
The gnoll hits you with a flail of protection!
You die...

###### .....# .....############
...............g#####
............#...@...# ##### ####
.....รท#####.##..###.###...####...
.....)# #.##..# #..............
......# #.##.[#####.......##...
#.###.#####......................
#.###.[.........####........###.#
...#########...............#.##.#
#..#####.............##...#.###..
#................#######.#.## #.#


You could see a gnoll.

Table legend:
 A = Kills in this place as a percentage of kills in entire the game.
 B = Kills by you in this place as a percentage of kills by you in the entire game.
 C = Kills by friends in this place as a percentage of kills by friends in the entire game.
 D = Other kills in this place as a percentage of other kills in the entire game.
 E = Experience gained in this place as a percentage of experience gained in the entire game.
 F = Experience gained in this place divided by the number of levels of this place that you have seen.
                   A       B       C       D       E      F
               +-------+-------+-------+-------+-------+----------------------
         Total | 100.0 | 100.0 |  -nan |  -nan | 100.0 | 127.0
       Dungeon | 100.0 | 100.0 |  -nan |  -nan | 100.0 | 127.0
               +-------+-------+-------+-------+-------+----------------------

Vanquished Creatures
  2 orc wizards (D:3)
  A hound skeleton (D:3)
  11 adders
  2 giant mites (D:2)
  An adder zombie (D:3)
  2 giant geckos
  An ooze (D:1)
  7 orcs (D:3)
  4 giant cockroaches
  10 goblins
  4 hobgoblins
  7 jackals (D:3)
  7 kobolds
  2 quokkas (D:2)
  2 ball pythons
  11 bats
  3 giant newts
  8 rats
85 creatures vanquished.

Action                   |  1- 3 |  4- 6 || total
-------------------------+-------+-------++-------
Melee: Unarmed           |    43 |    14 ||    57
       Dagger            |       |    59 ||    59
 Cast: Flame Tongue      |    33 |    87 ||   120
       Conjure Flame     |       |     2 ||     2
 Stab: Sleeping          |     2 |       ||     2
  Eat: Chunk             |     2 |     6 ||     8

Vault maps used:
D:1:      zelgadis_glass_arrival_small
D:2:      ashenzari_conservatory_becter
D:3:      first_bread
